Map: Shrines of Lizul

Players

Loken

  • Race: Zerg Zerg
  • League: Platinum
  • Spawn Location: 12:00

dallaskuken

  • Race: Protoss Protoss
  • League: Platinum
  • Spawn Location: 3:00

fitschi - Winner!

  • Race: Protoss Protoss
  • League: Master
  • Spawn Location: 9:00

JuzzY - Winner!

  • Race: Zerg Zerg
  • League: Platinum
  • Spawn Location: 6:00

VOD

Have the link to the VOD?

Description

Time

  • Played on: March 23, 2017, 9:19 a.m.
  • Length: 16:08
Show
View Real Time Build Order
Export as new Build Order

Loken Zerg 

Build Orders: Pool First 

Get SALT Encoding   

  12  0:03  Drone  
  13  0:13  Overlord  
  13  0:19  Drone  
  14  0:33  Drone x2  
  16  0:38  Drone  
  17  0:47  Spawning Pool  
  16  0:50  Drone  
  17  0:57  Drone  
  18  1:08  Drone  
  18  1:10  Extractor  
  18  1:20  Drone  
  19  1:34  Queen  
  19  1:37  Drone  
  22  1:44  Hatchery  
  21  1:49  Zergling x2  
  22  1:54  Overlord  
  22  2:12  Queen  
  24  2:17  Zergling x2  
  24  2:18  Drone  
  26  2:34  Metabolic Boost  
  26  2:35  Zergling x2  
  27  2:38  Zergling x2  
  28  3:03  Drone  
  28  3:04  Drone x3  
  31  3:22  Spine Crawler  
  31  3:23  Zergling x8  
  34  3:35  Overlord  
  34  3:36  Overlord x2  
  21  4:00  Overlord x3  
  21  4:01  Queen  
  23  4:21  Hatchery, Spawning Pool  
  21  4:28  Drone x4  
  21  4:29  Drone  
  24  4:39  Extractor  
  24  4:43  Extractor  
    6:08  Drone  
  1  6:25  Hatchery  
    7:43  Drone  
  1  7:59  Drone x2  
  3  8:42  Drone  
  3  8:43  Drone  
  3  8:47  Drone  
  6  9:00  Drone  
  7  9:16  Drone  
  9  9:17  Drone  
  9  9:30  Queen  
  11  9:36  Drone  
  12  9:39  Drone  
  13  9:50  Drone  
  14  9:59  Drone  
  15  10:13  Drone  
  16  10:31  Drone  
  16  10:32  Drone  
  18  10:40  Drone  
  18  10:41  Drone x2  
  21  10:52  Hatchery  
  20  11:00  Drone x2  
  22  11:06  Drone  
  23  11:13  Spore Crawler  
  16  11:18  Queen, Spore Crawler  
  17  11:31  Overlord  
  17  11:32  Overlord  
  17  11:54  Queen  
  17  12:01  Drone x3  
  20  12:07  Drone  
  23  12:15  Queen  
  25  12:21  Drone x2  
  27  12:23  Overlord  
  27  12:29  Drone  
  26  12:49  Drone x6  
  32  13:03  Overlord x3  
  32  13:04  Overlord  
  32  13:10  Spore Crawler  
  26  13:17  Drone  
  26  13:18  Drone x3  
  30  13:34  Spore Crawler x2  
  29  13:38  Spore Crawler  
  27  13:52  Drone  
  27  13:53  Drone x5  
  33  14:04  Drone x3  
  36  14:21  Zergling x10  
  36  14:22  Zergling x4  
  43  14:35  Extractor  
  43  14:36  Extractor  
  41  14:45  Zergling x14  
  42  15:01  Zergling x12  
Show
View Real Time Build Order
Export as new Build Order

dallaskuken Protoss 

Build Orders:  

Get SALT Encoding   

  12  0:01  Probe (Chrono Boost)  
  13  0:12  Probe (Chrono Boost)  
  14  0:24  Pylon  
  14  0:27  Probe (Chrono Boost)  
  15  0:42  Probe (Chrono Boost)  
  16  0:49  Forge  
  16  0:52  Probe (Chrono Boost)  
  17  1:03  Probe (Chrono Boost)  
  18  1:11  Gateway  
  18  1:13  Probe (Chrono Boost)  
  18  1:16  Pylon  
  19  1:24  Probe (Chrono Boost)  
  20  1:27  Assimilator  
  20  1:35  Probe (Chrono Boost)  
  21  1:45  Probe (Chrono Boost)  
  22  1:56  Probe (Chrono Boost)  
  22  2:01  Nexus  
  23  2:04  Zealot  
  25  2:17  Cybernetics Core  
  25  2:26  Photon Cannon  
  25  2:28  Probe (Chrono Boost)  
  26  2:31  Zealot  
  28  2:40  Pylon  
  28  2:44  Assimilator  
  28  2:54  Probe (Chrono Boost)  
  28  2:56  Warp Gate  
  29  3:05  Probe (Chrono Boost)  
  30  3:08  Zealot  
  29  3:24  Mothership Core (Chrono Boost)  
  30  3:31  Stalker, Probe (Chrono Boost)  
  34  3:41  Probe (Chrono Boost)  
  34  3:42  Photon Cannon  
  34  3:52  Probe (Chrono Boost)  
  35  3:57  Stalker  
  35  4:02  Probe (Chrono Boost)  
  38  4:13  Probe (Chrono Boost)  
  39  4:17  Pylon  
  39  4:23  Stalker  
  41  4:35  Photon Cannon  
  41  4:37  Probe (Chrono Boost)  
  41  4:39  Gateway  
  35  4:47  Gateway, Probe (Chrono Boost)  
  31  5:13  Stalker  
  33  5:22  Gateway  
  33  5:32  Probe (Chrono Boost)  
  34  5:39  Assimilator  
  34  5:41  Assimilator  
  35  5:44  Probe (Chrono Boost)  
  35  6:00  Probe (Chrono Boost)  
  37  6:12  Probe (Chrono Boost)  
  37  6:24  Stalker x4  
  37  6:25  Probe (Chrono Boost)  
  46  6:28  Pylon  
  46  6:29  Pylon  
  46  6:37  Probe (Chrono Boost)  
  42  6:49  Probe (Chrono Boost)  
  43  6:54  Stalker  
  43  6:57  Stalker x3  
  43  7:00  Photon Cannon  
  51  7:05  Stargate  
  47  7:23  Stalker  
  47  7:24  Stalker x2  
  51  7:36  Probe (Chrono Boost)  
  52  7:39  Probe (Chrono Boost)  
  53  7:47  Probe (Chrono Boost)  
  53  7:49  Pylon  
  55  7:51  Probe (Chrono Boost)  
  55  7:56  Void Ray  
  55  7:57  Probe (Chrono Boost)  
  60  8:03  Probe (Chrono Boost)  
  61  8:08  Probe (Chrono Boost)  
  61  8:09  Stalker x3  
  68  8:15  Probe (Chrono Boost)  
  68  8:18  Probe (Chrono Boost)  
  71  8:28  Probe (Chrono Boost)  
  71  8:35  Stalker x4  
  71  8:40  Probe (Chrono Boost)  
  80  8:52  Void Ray, Probe (Chrono Boost)  
  86  9:04  Probe (Chrono Boost)  
  72  9:14  Stalker x4  
  72  9:16  Probe (Chrono Boost)  
  59  9:42  Stalker x2  
  59  9:43  Stalker x2  
  67  9:56  Void Ray  
  71  10:01  Probe (Chrono Boost)  
  72  10:11  Probe (Chrono Boost)  
  73  10:15  Zealot x2  
  73  10:19  Pylon  
  74  10:21  Pylon  
  74  10:22  Probe (Chrono Boost)  
  75  10:39  Void Ray  
  79  10:46  Fleet Beacon  
  79  10:53  Sentry x2  
  83  10:58  Stalker  
  83  10:59  Stalker  
  88  11:05  Probe (Chrono Boost)  
  88  11:17  Probe (Chrono Boost)  
  89  11:29  Probe (Chrono Boost)  
  89  11:30  Carrier  
  96  11:43  Protoss Ground Weapons Level 1  
  102  12:32  Protoss Air Weapons Level 1  
  102  12:59  Pylon  
  102  13:01  Pylon  
  102  13:03  Pylon  
  102  13:04  Pylon  
  102  13:23  Stalker x4  
  110  13:32  Carrier  
  110  13:37  Robotics Facility  
  116  13:55  Probe (Chrono Boost)  
  117  14:04  Pylon  
  117  14:06  Pylon  
  117  14:07  Pylon, Probe (Chrono Boost)  
  118  14:19  Probe (Chrono Boost)  
  119  14:35  Stargate  
  119  14:38  Stargate  
  119  14:40  Stargate  
Show
View Real Time Build Order
Export as new Build Order

fitschi Protoss - Winner!

Build Orders: Oracle Opening 

Get SALT Encoding   

  12  0:02  Probe (Chrono Boost)  
  13  0:12  Probe (Chrono Boost)  
  14  0:19  Pylon  
  14  0:23  Probe (Chrono Boost)  
  15  0:37  Probe (Chrono Boost)  
  15  0:42  Gateway  
  16  0:48  Probe (Chrono Boost)  
  17  0:56  Assimilator  
  17  0:58  Probe (Chrono Boost)  
  18  1:05  Gateway  
  18  1:09  Probe (Chrono Boost)  
  19  1:20  Probe (Chrono Boost)  
  20  1:28  Pylon  
  20  1:30  Cybernetics Core  
  20  1:31  Probe (Chrono Boost)  
  21  1:41  Assimilator  
  21  1:42  Probe (Chrono Boost)  
  22  1:52  Probe (Chrono Boost)  
  23  2:03  Stalker  
  23  2:04  Probe (Chrono Boost)  
  23  2:07  Stalker  
  29  2:16  Probe (Chrono Boost)  
  29  2:18  Pylon  
  29  2:28  Probe (Chrono Boost)  
  30  2:32  Stalker  
  32  2:37  Stalker  
  34  2:48  Stargate  
  34  2:51  Probe (Chrono Boost)  
  35  2:55  Pylon  
  36  3:13  Probe (Chrono Boost)  
  36  3:25  Probe (Chrono Boost)  
  37  3:34  Oracle, Nexus  
  40  3:46  Probe (Chrono Boost)  
  41  3:56  Pylon  
  41  3:58  Probe (Chrono Boost)  
  42  4:04  Forge  
  42  4:05  Pylon  
  43  4:10  Probe (Chrono Boost)  
  43  4:12  Phoenix  
  45  4:22  Probe (Chrono Boost)  
  46  4:34  Probe (Chrono Boost)  
  48  4:46  Probe (Chrono Boost)  
  48  4:53  Phoenix  
  48  4:58  Probe (Chrono Boost)  
  51  5:02  Stargate  
  51  5:04  Probe (Chrono Boost)  
  51  5:07  Photon Cannon  
  48  5:10  Probe (Chrono Boost)  
  48  5:12  Assimilator  
  49  5:14  Probe (Chrono Boost)  
  51  5:22  Probe (Chrono Boost)  
  51  5:25  Phoenix, Probe (Chrono Boost)  
  54  5:31  Stargate  
  54  5:32  Protoss Air Weapons Level 1  
  54  5:35  Probe x2 (Chrono Boost)  
  56  5:36  Assimilator  
  56  5:46  Probe (Chrono Boost)  
  56  5:47  Probe (Chrono Boost)  
  58  5:50  Phoenix  
  58  5:56  Probe (Chrono Boost)  
  61  5:59  Probe (Chrono Boost)  
  61  6:03  Phoenix, Pylon  
  62  6:11  Probe (Chrono Boost)  
  66  6:12  Pylon  
  66  6:16  Mothership Core (Chrono Boost)  
  66  6:17  Phoenix, Pylon  
  67  6:20  Phoenix  
  67  6:23  Probe (Chrono Boost)  
  72  6:35  Probe (Chrono Boost)  
  72  6:47  Probe x2 (Chrono Boost), Nexus  
  72  6:50  Phoenix  
  72  6:51  Pylon  
  72  6:53  Phoenix  
  76  6:57  Phoenix  
  79  7:08  Probe (Chrono Boost), Fleet Beacon  
  79  7:14  Pylon  
  79  7:29  Void Ray x2  
  79  7:33  Photon Cannon, Probe x2 (Chrono Boost)  
  90  7:45  Probe (Chrono Boost)  
  90  7:54  Assimilator  
  90  7:57  Assimilator  
  92  8:00  Probe x2 (Chrono Boost)  
  92  8:09  Probe (Chrono Boost)  
  92  8:12  Probe (Chrono Boost)  
  95  8:21  Probe (Chrono Boost)  
  95  8:22  Photon Cannon, Protoss Air Weapons Level 2  
  95  8:23  Void Ray  
  95  8:25  Void Ray  
  95  8:28  Void Ray  
  107  8:37  Pylon  
  107  8:39  Pylon  
  108  8:42  Probe (Chrono Boost)  
  108  8:43  Nexus  
  108  9:00  Void Ray  
  112  9:14  Probe (Chrono Boost)  
  113  9:22  Probe (Chrono Boost)  
  113  9:23  Pylon  
  118  9:24  Pylon  
  118  9:26  Pylon  
  118  9:27  Probe (Chrono Boost)  
  118  9:28  Protoss Shields Level 1  
  118  9:29  Assimilator  
  123  9:42  Carrier, Assimilator  
  123  9:43  Carrier  
  123  9:44  Carrier  
  127  9:46  Pylon  
  127  9:58  Probe (Chrono Boost)  
  135  10:00  Probe (Chrono Boost)  
  135  10:03  Probe (Chrono Boost)  
  136  10:09  Probe (Chrono Boost)  
  137  10:17  Photon Cannon  
  137  10:20  Photon Cannon x2  
  135  10:33  Probe (Chrono Boost)  
  136  10:36  Photon Cannon  
  136  10:37  Protoss Air Weapons Level 3  
  136  10:46  Probe (Chrono Boost)  
  137  10:56  Carrier, Probe (Chrono Boost)  
  138  10:58  Carrier  
  138  11:02  Carrier  
  138  11:04  Nexus  
  156  11:30  Probe (Chrono Boost)  
  153  11:39  Pylon  
  153  11:40  Pylon  
  153  11:42  Assimilator  
  153  11:46  Assimilator  
  153  11:56  Stargate  
  153  11:59  Stargate  
  153  12:16  Carrier  
  153  12:18  Carrier  
  153  12:20  Carrier  
  171  12:38  Carrier  
  171  12:41  Carrier  
  171  12:47  Probe (Chrono Boost)  
  184  12:58  Probe (Chrono Boost)  
  185  13:18  Protoss Air Armor Level 1  
  191  13:28  Probe (Chrono Boost)  
  191  13:31  Carrier  
  192  13:42  Pylon  
  192  13:45  Pylon  
  198  14:25  Pylon  
  198  14:27  Pylon  
Show
View Real Time Build Order
Export as new Build Order

JuzzY Zerg - Winner!

Build Orders: Pool First 

Get SALT Encoding   

  12  0:01  Drone  
  13  0:12  Overlord  
  13  0:18  Drone  
  14  0:31  Drone  
  15  0:38  Spawning Pool  
  14  0:44  Drone, Extractor  
  14  0:48  Drone  
  15  1:01  Drone  
  15  1:03  Drone  
  17  1:10  Drone  
  18  1:17  Overlord  
  18  1:27  Queen  
  18  1:28  Zergling x2  
  21  1:39  Zergling x2  
  22  1:44  Metabolic Boost  
  22  1:49  Zergling x2  
  23  2:00  Overlord  
  23  2:02  Queen  
  25  2:12  Zergling x2  
  26  2:23  Zergling x2  
  27  2:42  Zergling x2  
  27  2:43  Zergling x6  
  31  2:54  Zergling x2  
  31  2:55  Hatchery  
  30  3:13  Zergling x4  
  30  3:14  Zergling x4  
  34  3:23  Zergling x2  
  35  3:39  Zergling x2  
  35  3:53  Drone x2  
  35  3:55  Drone  
  38  3:56  Evolution Chamber  
  38  3:57  Extractor  
  38  4:02  Overlord  
  36  4:19  Drone x5  
  36  4:23  Zerg Melee Weapons Level 1, Spore Crawler  
  40  4:36  Drone  
  40  4:37  Drone x2  
  43  4:51  Lair  
  43  4:52  Overlord  
  42  4:53  Drone  
  42  4:54  Drone x2  
  42  4:56  Extractor  
  42  4:58  Extractor  
  43  5:09  Drone x6  
  49  5:16  Overlord  
  47  5:24  Drone x2  
  47  5:25  Drone  
  45  5:45  Zergling x10  
  49  5:56  Drone  
  51  5:57  Drone  
  51  6:02  Hatchery  
  50  6:06  Overlord  
  50  6:27  Hatchery  
  49  6:33  Zerg Melee Weapons Level 2  
  49  6:34  Spire  
  48  6:54  Drone x4  
  50  6:55  Drone  
  50  6:56  Drone x2  
  55  7:09  Queen  
  55  7:10  Overlord  
  55  7:11  Overlord  
  57  7:36  Drone  
  58  7:37  Drone x9  
  58  7:40  Drone  
  68  7:48  Infestation Pit  
  67  8:00  Baneling Nest  
  67  8:03  Drone x2  
  67  8:04  Extractor  
  67  8:07  Extractor  
  67  8:08  Infestation Pit  
  66  8:35  Hive  
  66  8:38  Zergling x2  
  66  8:39  Zergling x42  
  66  8:40  Zergling x2  
  89  8:43  Overseer  
  89  8:45  Pneumatized Carapace  
  89  8:54  Zergling x16  
  97  9:00  Zerg Ground Armor Level 1  
  95  9:16  Baneling  
  95  9:17  Baneling x9  
  95  9:18  Baneling x7  
  95  9:22  Centrifical Hooks  
  95  9:52  Drone x2  
  97  9:54  Adrenal Glands, Ultralisk Cavern  
  97  9:55  Evolution Chamber, Overlord  
  97  9:56  Overlord x7  
  95  10:05  Queen  
  97  10:08  Hatchery  
  97  10:11  Burrow  
  96  10:32  Zerg Melee Weapons Level 3  
  96  10:36  Zergling x12  
  96  10:37  Zergling x12  
  108  11:01  Ultralisk x3  
  132  11:18  Ultralisk  
  132  11:23  Chitinous Plating  
  132  11:39  Pathogen Glands  
  132  11:40  Zergling x2  
  132  11:41  Zergling x16  
  132  11:43  Baneling x2  
  132  11:44  Baneling x4  
  132  11:46  Baneling x6  
  141  11:55  Drone x4  
  141  11:56  Drone x2  
  141  11:57  Drone  
  141  11:58  Drone  
  149  12:02  Spore Crawler  
  149  12:08  Spine Crawler  
  147  12:10  Drone  
  147  12:11  Spine Crawler, Drone  
  147  12:13  Drone  
  149  12:16  Ultralisk x4  
  149  12:19  Overseer  
  149  12:20  Overseer  
  149  12:29  Ultralisk  
  155  12:41  Baneling x29  
  155  12:47  Zerg Ground Armor Level 2  
  155  12:48  Infestor  
  155  12:49  Infestor x5  
  167  12:52  Overlord  
  167  13:02  Drone x3, Extractor  
  167  13:03  Extractor  
  168  13:08  Spine Crawler  
  168  13:09  Drone x3  
  168  13:10  Spine Crawler  
  169  13:31  Overseer x2  
  169  13:43  Ultralisk x2  
  169  13:47  Overlord x3  
  181  13:55  Overlord  
  181  13:57  Overlord x3  
  181  13:58  Overlord  
  181  14:08  Ultralisk  
  181  14:09  Ultralisk x2  
  199  14:11  Zergling x2  
  200  14:18  Hatchery  
  200  14:19  Hatchery  
  198  14:27  Baneling x6  
  198  14:28  Baneling x11  
  198  14:29  Baneling  
  198  14:35  Overseer x2  
  192  15:02  Zergling x18  
  192  15:03  Zergling x6  
  195  15:18  Ultralisk  
  195  15:20  Zergling x2  
  193  15:54  Baneling x10  
Tags
 
Add a new tag
Caveats
  • Supply blocks, unpowered buildings, or Contaminate may cause inaccurate times.
  • Supply counts are checked every 10 seconds.